 Dungeon Crawl Stone Soup version 0.28.0-43-g3370ac3207 (webtiles) character file.

Game seed: 1813896040388374690

95 Iusername the Shield-Bearer (level 4, -2/40 HPs)
             Began as a Minotaur Fighter on Apr 1, 2022.
             Slain by Terence
             ... wielding a +0 morningstar
              (6 damage)
             ... on level 2 of the Dungeon.
             The game lasted 00:01:49 (934 turns).

Iusername the Shield-Bearer (Minotaur Fighter)       Turns: 934, Time: 00:01:50

Health: -2/40      AC:  7    Str: 20    XL:     4   Next: 39%
Magic:  3/3        EV:  9    Int:  7    God:
Gold:   19         SH:  4    Dex: 10    Spells: 3/3 levels left

rFire   . . .      SeeInvis .   a - +0 war axe
rCold   . . .      Faith    .   c - +0 buckler
rNeg    . . .      Spirit   .   b - +0 scale mail
rPois   .          Reflect  .   (helmet restricted)
rElec   .          Harm     .   (no cloak)
rCorr   .          Rampage  .   (no gloves)
Will    .....                   (no boots)
Stlth   ..........              (no amulet)
HPRegen 0.13/turn               (no ring)
MPRegen 0.08/turn               (no ring)

@: mighty, slowed, very slow
A: horns 2, retaliatory headbutt
a: no special abilities


You were on level 2 of the Dungeon.
You visited 1 branch of the dungeon, and saw 2 of its levels.

You collected 19 gold pieces.

Inventory:

Hand Weapons
 a - a +0 war axe (weapon)
 e - a +1 dagger of venom
Armour
 b - a +0 scale mail (worn)
 c - a +0 buckler (worn)


   Skills:
 + Level 4.2 Fighting
 + Level 3.6 Axes
 + Level 4.0 Armour
 + Level 0.4 Dodging
 + Level 4.8 Shields


You had 3 spell levels left.
You didn't know any spells.
Your spell library was empty.

Dungeon Overview and Level Annotations

Branches:
Dungeon (2/15)

Altars:

Annotations:
D:2 Terence


Innate Abilities, Weirdness & Mutations

You have a pair of horns on your head.
You reflexively headbutt those who attack you in melee.


Message History

Unknown command.
You hit Natasha. Your headbutt misses Natasha.
Natasha is severely wounded.
The crimson imp laughs crazily.
The crimson imp blinks!
Natasha closely misses you.
Unknown command.
Unknown command.
You hit Natasha.
Natasha is almost dead.
Natasha barely misses you.
Unknown command.
You feel very mighty all of a sudden.
Natasha mumbles some strange words.
The crimson imp blinks!
You barely miss Natasha.
Natasha is almost dead.
Natasha stares at you and mumbles some strange words.
You feel yourself slow down.
Natasha stares at you and mumbles some strange words.
The magic dart hits you but does no damage.
The crimson imp blinks!
You closely miss Natasha. Your headbutt misses Natasha.
Natasha is almost dead.
The crimson imp disappears in a puff of smoke!
Natasha closely misses you. You furiously retaliate!
You headbutt Natasha!
You kill Natasha!
Natasha yowls pathetically as she dies!
The crimson imp disappears in a puff of smoke!
Terence zaps a wand.
The puff of flame misses you.
You slice the hobgoblin!!
You kill the hobgoblin!
Terence zaps a wand.
The puff of flame hits you but does no damage.
Unknown command.
You slash Terence! You headbutt Terence.
Terence is severely wounded.
Terence hits you with a +0 morningstar!
* * * LOW HITPOINT WARNING * * *
Terence hits you with a +0 morningstar.
You die...

.....#.#.. ........
....... .....##
..>.. .g. #@#
#######@#######
......)).......
#######.#######
#.......# #.#######
#.# #.#
#.#####.############
#...................


You could see Terence and a goblin.

Vanquished Creatures
  Natasha (D:2)
  Robin (D:2)
  2 adders (D:2)
  2 dart slugs (D:2)
  4 ball pythons (D:2)
  A bat (D:2)
  2 endoplasms
  7 goblins (D:2)
  7 hobgoblins (D:2)
  2 jackals (D:2)
  3 kobolds (D:2)
  A quokka (D:2)
  A frilled lizard (D:1)
  A rat (D:1)
35 creatures vanquished.

Notes
Turn   | Place    | Note
-------+----------+-------------------------------------------
     0 | D:1      | Iusername the Minotaur Fighter began the quest for the Orb.
     0 | D:1      | Reached XP level 1. HP: 19/19 MP: 0/0
    55 | D:1      | You fall into a shaft and drop 1 floor!
    95 | D:2      | Reached XP level 2. HP: 13/27 MP: 1/1
   395 | D:2      | Reached XP level 3. HP: 12/33 MP: 2/2
   894 | D:2      | Noticed Robin
   897 | D:2      | Noticed Terence
   897 | D:2      | Noticed Natasha
   903 | D:2      | Killed Robin
   923 | D:2      | Reached XP level 4. HP: 18/40 MP: 3/3
   932 | D:2      | Killed Natasha
   934 | D:2      | Slain by Terence

Illustrated notes

Levels and vault maps discovered:
D:1:      dpeg_arrival_radiant, layout_rooms, basic_ecumenical_altar
D:2:      layout_basic, serial_shops, nicolae_shop_trees,
          minmay_misc_feat_encased, minmay_tetromino_t4, uniq_terence,
          uniq_natasha, uniq_robin

Skill      XL: |  1  2  3 |
---------------+----------+-----
Shields        | 4 |  4.8
Fighting       | 4 |  4.2
Axes           | 3 |  3.6
Armour         | 4 |  4.0
Dodging        | |  0.4

Action                   |  1- 3 |  4- 6 || total
-------------------------+-------+-------++-------
Melee: War axe           |    57 |    11 ||    68
       Headbutt          |     8 |     2 ||    10
  Use: Potion            |       |     1 ||     1
Armor: Scale mail        |    41 |     4 ||    45
Dodge: Dodged            |    36 |     6 ||    42
Block: Buckler           |    17 |     1 ||    18
